 Dungeon Crawl Stone Soup version 0.23.0-42-geed6394480 (webtiles) character file.

Game seed: 7427462221044270228

109 Norn the Cudgeler (level 4, -5/29 HPs)
             Began as a Gargoyle Monk on Feb 28, 2019.
             Slain by Grinder (6 damage)
             ... while paralysed by Grinder
             ... on level 3 of the Dungeon.
             The game lasted 00:06:32 (1920 turns).

Norn the Cudgeler (Gargoyle Monk)                   Turns: 1920, Time: 00:06:33

Health: -5/29      AC: 12    Str: 15    XL:     4   Next: 90%
Magic:  4/4        EV:  2    Int: 11    God:
Gold:   179        SH:  0    Dex: 12    Spells: 3/3 levels left

rFire    . . .     SeeInvis .   a - +0 mace
rCold    . . .     Gourm    .   (no shield)
rNeg     + . .     Faith    .   l - +0 chain mail
rPois    ∞         Spirit   .   (no helmet)
rElec    +         Reflect  .   (no cloak)
rCorr    .         Harm     .   (no gloves)
MR       .....                  (no boots)
Stlth    ..........             (no amulet)
HPRegen  0.09/turn              (no ring)
MPRegen  0.09/turn              (no ring)

@: paralysed
A: negative energy resistance 1, electricity resistance, unbreathing,
petrification resistance, rot immunity, AC +3
a: no special abilities


You were on level 3 of the Dungeon.
You were hungry.

You visited 1 branch of the dungeon, and saw 3 of its levels.

You collected 179 gold pieces.

Inventory:

Hand Weapons
 a - a +0 mace (weapon)
 q - a +2 mace of crushing
   (You found it on level 2 of the Dungeon)
 r - a +1 mace of crushing
   (You found it on level 2 of the Dungeon)
Missiles
 c - 76 stones (quivered)
 o - 18 poisoned needles
Armour
 b - a +0 robe
 d - a +0 ring mail
   (You found it on level 1 of the Dungeon)
 l - a +0 chain mail (worn)
   (You found it on level 1 of the Dungeon)
Wands
 t - a wand of random effects (16)
   (You found it on level 3 of the Dungeon)
Scrolls
 f - 3 scrolls of enchant armour {unknown}
 g - 2 scrolls of random uselessness {unknown}
 h - 2 scrolls of identify {unknown}
 j - a scroll of blinking {unknown}
 k - a scroll of magic mapping {unknown}
 s - 3 scrolls of fear {unknown}
Potions
 i - a potion of agility {unknown}
 n - 2 potions of cancellation {unknown}
 p - a potion of brilliance {unknown}
Comestibles
 e - 10 rations {!d}
 m - 10 chunks of flesh


   Skills:
 + Level 4.1 Fighting
 * Level 4.3 Maces & Flails
 + Level 2.1 Armour
 - Level 2.4 Dodging
 - Level 2.1 Stealth


You had 3 spell levels left.
You didn't know any spells.
Your spell library was empty.

Dungeon Overview and Level Annotations

Branches:
Dungeon (3/15)

Altars:
Qazlal

Annotations:
D:2 1 runed translucent door, Crazy Yiuf
D:3 Grinder


Innate Abilities, Weirdness & Mutations

You are resistant to torment.
Your stone body is resilient. (AC +3)
You are immune to poison.
You resist negative energy. (rN+)
You are resistant to electric shocks. (rElec)
You can survive without breathing.
You are immune to petrification.
You are immune to rotting.


Message History

No target in view!
c - 75 stones (gained 1)
You see here a kobold corpse.
You see here a wand of random effects (17).
t - a wand of random effects (17)
c - 76 stones (gained 1)
g - 2 scrolls labeled RUBLOI SUMUAKUCS (gained 1)
You now have 179 gold pieces (gained 7).
A goblin comes into view. It is wielding a +2 dagger of flaming.
The goblin shouts!
You hear a shout!
A worker ant comes into view.
You hear a shout!
There are monsters nearby!
An ogre comes into view. It is wielding a -3 giant spiked club.
The worker ant twitches its antennae in your direction.
The ogre shouts!
The worker ant bites you but does no damage.
You hit the worker ant.
The worker ant bites you but does no damage.
You hit the worker ant but do no damage.
You are feeling hungry.
The worker ant completely misses you.
You closely miss the worker ant.
The worker ant bites you but does no damage. x2
You sock the worker ant!
The worker ant bites you but does no damage.
You hit the worker ant.
You kill the worker ant!
Grinder blinks!
The goblin closely misses you.
You thump the goblin!
You kill the goblin!
There is an open door here.
Aim: an ogre, wielding a -3 giant spiked club The ogre appears confused.
The ogre barely misses you.
You catch the helpless ogre completely off-guard!
You hit the ogre.
The ogre asks, "Where am I?"
The ogre hits you but does no damage.
You hit the ogre but do no damage.
The ogre hits you with a cursed -3 giant spiked club.
You strike the helpless ogre from behind!
You hit the ogre.
Grinder says, "Mostly I couldn't keep them alive."
Grinder gestures at you.
You suddenly lose the ability to move!
The ogre hits you with a cursed -3 giant spiked club!!
Ouch! That really hurt!
* * * LOW HITPOINT WARNING * * *
Grinder hits you.
You die...

#######.#......#
#..÷.##### ##...# #...#
##..# ########### #..#
#( #.........###..# #.
#..........##5.##### #.
#..........'@O>......
.###..........#####.....
..##.........## .....
##.##.........# ....
...##.........# ....
...##.........# ...
#...#.........#
≈...............
##.##############


You could see Grinder and an ogre (confused).

Vanquished Creatures
  A worker ant (D:3)
  2 adders (D:2)
  An ooze (D:3)
  2 worms
  4 dart slugs
  2 leopard geckos
  A giant cockroach (D:1)
  5 goblins
  3 hobgoblins
  10 jackals
  2 kobolds
  A quokka (D:2)
  5 bats
  6 frilled lizards
  4 rats
49 creatures vanquished.

Notes
Turn   | Place    | Note
-------+----------+-------------------------------------------
     0 | D:1      | Norn the Gargoyle Monk began the quest for the Orb.
     0 | D:1      | Reached XP level 1. HP: 14/14 MP: 1/1
   439 | D:1      | Reached XP level 2. HP: 18/19 MP: 2/2
   767 | D:1      | Reached skill level 1 in Armour
   853 | D:1      | Reached XP level 3. HP: 21/23 MP: 3/3
  1404 | D:2      | Found a stormy altar of Qazlal.
  1436 | D:2      | Reached XP level 4. HP: 25/29 MP: 4/4
  1615 | D:2      | Found a runed translucent door.
  1616 | D:2      | Noticed Crazy Yiuf
  1681 | D:3      | Noticed Grinder
  1888 | D:3      | Noticed an ogre
  1918 | D:3      | Paralysed by Grinder for 6 turns
  1918 | D:3      | HP: 1/29 [ogre/cursed -3 giant spiked club (25)]
  1920 | D:3      | Slain by Grinder

Skill      XL: |  1  2  3  4 |
---------------+-------------+-----
Armour         | 1 2 |  2.1
Maces & Flails | 4 |  4.3
Fighting       | 4 |  4.1
Dodging        | |  2.4
Stealth        | |  2.1

Action                   |  1- 3 |  4- 6 || total
-------------------------+-------+-------++-------
Melee: Mace              |   138 |    67 ||   205
Evoke: Wand              |       |     1 ||     1
 Stab: Confused          |       |     2 ||     2
  Eat: Chunk             |     2 |     1 ||     3
Armor: Ring mail         |     7 |       ||     7
       Chain mail        |    95 |    58 ||   153
Dodge: Dodged            |    50 |    31 ||    81
